 Seeded DCSS version 0.30.1-4-g462c640d31 (webtiles) character file.

Game seed: 1488530604685760082 (custom seed)

13783 CarvArkoylaein the Severer (level 12, -5/107 HPs)
             Began as a Hill Orc Fighter on Sept 2, 2023.
             Was an Initiate of Gozag.
             Slain by an orc knight
             ... wielding a +0 war axe
              (18 damage)
             ... on level 2 of the Orcish Mines.
             The game lasted 01:17:20 (9163 turns).

CarvArkoylaein the Severer (Hill Orc Fighter)       Turns: 9163, Time: 01:17:20

Health: -5/107     AC: 14    Str: 27    XL:     12   Next: 9%
Magic:  12/12      EV: 15    Int:  8    God:    Gozag
Gold:   2465       SH:  8    Dex: 10    Spells: 11/11 levels left

rFire   . . .        o - +11 broad axe "Hill Orc's Regret" {spect, Str+3}
rCold   . . .        x - +3 buckler
rNeg    . . .        N - +1 scale mail {rPois}
rPois   +            K - +2 helmet
rElec   .            (no cloak)
rCorr   .            (no gloves)
SInv    .            j - +0 pair of boots
Will    .....        (no amulet) Stlth
                     l - ring of flight
HPRegen 0.37/turn    m - +5 ring of evasion
MPRegen 0.13/turn

%: no passive effects
@: silenced, marked, gold aura, flying
A: no striking features
a: Renounce Religion


You were on level 2 of the Orcish Mines.
You worshipped Gozag.
Gozag was most pleased with you.
You visited 2 branches of the dungeon, and saw 12 of its levels.

You collected 3336 gold pieces.
You spent 360 gold pieces at shops.
You paid 511 gold pieces to Gozag.

Inventory:

Hand Weapons
 a - a +0 war axe
 o - the +11 broad axe "Hill Orc's Regret" (weapon) {spect, Str+3}
   (You found it on level 3 of the Dungeon)

   Str:       It affects your strength (+3).
Armour
 b - a +1 scale mail
 c - a +0 buckler
 j - a +0 pair of boots (worn)
 r - a +2 robe of willpower
 x - a +3 buckler (worn)
 K - a +2 helmet (worn)
 M - the orb of Haez {guile, Rampage rCorr Int+2 Dex-3}
   (You found it on level 10 of the Dungeon)

   Int:       It affects your intelligence (+2).
   Dex:       It affects your dexterity (-3).
   rCorr:     It protects you from acid and corrosion.
   Rampage:   It bestows one free step when moving towards enemies.
 N - a +1 scale mail of poison resistance (worn)
Jewellery
 l - a ring of flight (left hand)
 m - a +5 ring of evasion (right hand)
 v - a +6 ring of intelligence
 y - a ring of see invisible
 I - a ring of poison resistance
Wands
 p - a wand of mindburst (9)
 s - a wand of acid (4)
 u - a wand of flame (7) (quivered)
 J - a wand of roots (5)
 L - a wand of paralysis (8)
Scrolls
 d - 5 scrolls of teleportation
 f - a scroll of brand weapon
 h - 4 scrolls of fog
 k - 2 scrolls of immolation {unknown}
 q - 2 scrolls of vulnerability
 C - a scroll of amnesia
 D - a scroll of torment
 G - a scroll of enchant weapon {unknown}
 H - a scroll of fear {unknown}
 P - a scroll of summoning {unknown}
Potions
 e - a potion of mutation {unknown}
 g - 4 potions of attraction
 n - a potion of resistance {unknown}
 t - 2 potions of haste {unknown}
 w - a potion of invisibility {unknown}
 z - 2 potions of ambrosia {unknown}
 A - a potion of heal wounds {unknown}
 B - a potion of might
 E - a potion of flight {unknown}
 F - a potion of brilliance {unknown}


   Skills:
 + Level 10.4 Fighting
 + Level 17.0 Axes
 + Level 9.6 Armour
 + Level 2.5 Dodging
 + Level 2.4 Stealth
 + Level 6.1 Shields
 + Level 4.0 Evocations


You had 11 spell levels left.
You didn't know any spells.
Your spell library contained the following spells:

 Spells                   Type           Power      Damage    Failure   Level
 Apportation              Tloc           0%         N/A       69%         1
 Kiss of Death            Conj/Necr      0%         2d5       69%         1
 Necrotise                Necr           0%         1d4       69%         1
 Sandblast                Erth           0%         2d4       69%         1
 Summon Small Mammal      Summ           0%         N/A       69%         1
 Passwall                 Tmut/Erth      0%         N/A       83%         2
 Searing Ray              Conj           0%         2d4       83%         2
 Static Discharge         Conj/Air       0%         2-2/arc   83%         2
 Hailstorm                Conj/Ice       0%         3d3       96%         3
 Stone Arrow              Conj/Erth      0%         3d7       96%         3
 Swiftness                Air            0%         N/A       96%         3
 Airstrike                Air            0%         2d(0-16)  100%        4
 Summon Ice Beast         Ice/Summ       0%         N/A       100%        4
 Summon Lightning Spire   Summ/Air       0%         N/A       100%        4
 Summon Mana Viper        Hex/Summ       0%         N/A       100%        5
 Monstrous Menagerie      Summ           0%         N/A       100%        7


Dungeon Overview and Level Annotations

Branches:
Dungeon (10/15)            Temple (0/1) D:5            Lair (0/5) D:9
    Orc (2/2) D:10            Elf (0/3) Orc:2

Altars:
Elyvilon
Gozag
Ru
Trog
Uskayaw
The Shining One

Shops:
D:1 (   D:4 :   D:7 =   Orc:1 [[


Message History

The orc priest is no longer distracted by gold.
The orc is no longer distracted by gold.
The orc knight is no longer distracted by gold.
The orc priest is no longer distracted by gold. x2
The orc high priest performs a strange gesture.
The orc warrior is distracted by your dazzling golden aura.
The orc priest is distracted by your dazzling golden aura.
An orc comes into view. It is wielding a +0 mace.
The orc warrior is no longer distracted by gold.
The orc knight is distracted by your dazzling golden aura.
The orc high priest prays to Beogh.
The orc knight roars a battlecry!
The orcs go into a battle-frenzy!
The orc knight is distracted by your dazzling golden aura.
The orc priest is no longer distracted by gold. x3
The orc is no longer distracted by gold.
The orc knight is no longer distracted by gold.
The orc priest calls down the wrath of Beogh upon you.
Beogh smites you!
* * * LOW HITPOINT WARNING * * *
You slash the orc priest!
The orc priest is severely wounded.
You slash the orc priest!
Your +11 broad axe "Hill Orc's Regret" {spect, Str+3} hits the orc priest!!
You kill the orc priest!
You slice the orc priest!!
You kill the orc priest!
Your +11 broad axe "Hill Orc's Regret" {spect, Str+3} disappears.
An orc warrior comes into view. It is wielding a +0 long sword.
The orc priest looks encouraged for a moment.
You slash the orc knight!
The orc knight is moderately wounded.
You hit the orc priest.
Your +11 broad axe "Hill Orc's Regret" {spect, Str+3} hits the orc priest!
You block the orc priest's attack.
The orc knight hits you with a +0 war axe!
* * * LOW HITPOINT WARNING * * *
The orc knight attacks as you move away!
The orc knight hits you with a +0 war axe!!
You die...
Your body crumbles into a pile of gold.

#...#..$.....## ##...
##..##........###.....
#....#.$...#...#.....
#....#......#$$.#o#.#.#
#..........$.$$$.oo....
............$$$o$34o...
$........$..oooo.oo.o
#...........oo#o#.#o#
...........(@##....o
.............# .o...
......##....# ##4..
..... #....# ##. .##.
...#.# $ ## .#.####
####


You could see 2 orc knights, a soul eater (summoned), an orc high priest
(strong), an orange demon (summoned), an orc warrior (strong), 3 orc priests, 4
orcs and a friendly +11 broad axe "Hill Orc's Regret" {spect, Str+3}.

Vanquished Creatures
  Nergalle (Orc:1)
  A deep elf pyromancer (D:10)
  An orc knight (Orc:1)
  An orc sorcerer (Orc:1)
  An ugly thing (D:10)
  Maurice (D:10)
  Psyche (D:10)
  3 trolls
  Sigmund (D:6)
  A wraith (D:10)
  A vampire (D:10)
  8 yaks (D:10)
  Eustachio (D:5)
  A fire elemental (Orc:1)
  A basilisk (D:10)
  Edmund (D:6)
  A vampire mosquito (D:10)
  Menkaure (D:6)
  An acid dragon (D:10)
  2 wargs
  A water moccasin (D:6)
  2 black bears
  25 orc warriors
  A sky beast (D:7)
  4 ice beasts
  5 boggarts (D:10)
  4 ogres
  2 centaurs (D:9)
  A phantom (D:7)
  3 kobold brigands
  A bullfrog (D:8)
  Blork the orc (D:5)
  A gnoll sergeant (D:8)
  3 scorpions
  4 wights (D:8)
  5 killer bees (D:9)
  4 electric eels (D:10)
  7 howler monkeys
  4 gnoll boudas
  3 hounds
  24 orc priests
  4 iguanas
  21 orc wizards
  28 gnolls
  11 adders
  A white imp (D:6)
  An ufetubus (D:7)
  A worm (D:2)
  A dart slug (D:2)
  80 orcs
  10 endoplasms
  3 giant cockroaches
  A goblin (D:2)
  11 hobgoblins
  17 kobolds
  A quokka (D:1)
  7 ball pythons
  6 bats
  A frilled lizard (D:3)
  5 rats
345 creatures vanquished.

Notes
Turn   | Place    | Note
-------+----------+-------------------------------------------
     0 | D:1      | CarvArkoylaein the Hill Orc Fighter began the quest for the
                  | Orb.
     0 | D:1      | Reached XP level 1. HP: 19/19 MP: 1/1
    76 | D:1      | Reached XP level 2. HP: 17/27 MP: 2/2
    99 | D:1      | Found a faded altar of an unknown god.
   139 | D:1      | Found Dyac's Weapon Shop.
   384 | D:1      | Reached skill level 3 in Axes
   649 | D:2      | Reached XP level 3. HP: 30/33 MP: 3/3
   702 | D:2      | Reached skill level 4 in Axes
   709 | D:2      | Reached XP level 4. HP: 22/41 MP: 4/4
  1105 | D:3      | Identified the +11 broad axe "Hill Orc's Regret" {spect,
                  | Str+3}
  1117 | D:3      | Reached XP level 5. HP: 44/47 MP: 5/5
  1185 | D:3      | Reached skill level 5 in Axes
  1217 | D:3      | Found a large runed translucent door.
  1218 | D:3      | Found a large runed translucent door.
  1234 | D:3      | Found a bloodstained altar of Trog.
  1242 | D:3      | Found a hide-covered altar of Uskayaw.
  1416 | D:3      | Found an opulent altar of Gozag.
  1426 | D:3      | Became a worshipper of Gozag Ym Sagoz the Greedy
  1524 | D:4      | Found Ganic's Book Shoppe.
  1796 | D:5      | Entered Level 5 of the Dungeon
  1816 | D:5      | Noticed Eustachio
  1819 | D:5      | Reached skill level 5 in Fighting
  1832 | D:5      | Killed Eustachio
  1833 | D:5      | Reached skill level 6 in Axes
  1833 | D:5      | Reached XP level 6. HP: 56/56 MP: 6/6
  1864 | D:5      | Reached skill level 1 in Evocations
  1961 | D:5      | Noticed a black bear
  1962 | D:5      | Noticed an ice beast
  1970 | D:5      | Reached XP level 7. HP: 53/62 MP: 7/7
  1977 | D:5      | Reached skill level 7 in Axes
  1987 | D:5      | Found a bloodstained altar of Trog.
  2064 | D:5      | Found a staircase to the Ecumenical Temple.
  2106 | D:5      | Reached skill level 5 in Armour
  2113 | D:5      | Reached skill level 8 in Axes
  2416 | D:5      | Reached XP level 8. HP: 70/70 MP: 8/8
  2445 | D:5      | Reached skill level 1 in Dodging
  2497 | D:5      | Noticed Blork the orc
  2501 | D:5      | Killed Blork the orc
  2610 | D:5      | Noticed a troll
  2616 | D:5      | Killed a troll
  2617 | D:5      | Reached skill level 9 in Axes
  2779 | D:6      | Noticed Sigmund
  2786 | D:6      | Killed Sigmund
  2787 | D:6      | Reached skill level 10 in Axes
  2787 | D:6      | Reached XP level 9. HP: 75/79 MP: 9/9
  2910 | D:6      | Got Fear's Lectures on Overhead Outbursts
  2955 | D:6      | Noticed Edmund
  2958 | D:6      | Killed Edmund
  3089 | D:6      | Noticed Menkaure
  3093 | D:6      | Killed Menkaure
  3301 | D:6      | Reached skill level 11 in Axes
  4633 | D:7      | Bought a +5 ring of evasion for 360 gold pieces
  4934 | D:8      | Reached skill level 12 in Axes
  4974 | D:8      | Reached XP level 10. HP: 82/88 MP: 10/10
  5205 | D:8      | Found a sacrificial altar of Ru.
  5881 | D:9      | Reached skill level 5 in Shields
  5915 | D:9      | Reached skill level 13 in Axes
  5970 | D:9      | Found a white marble altar of Elyvilon.
  6163 | D:9      | Found a staircase to the Lair.
  6425 | D:10     | Entered Level 10 of the Dungeon
  6524 | D:10     | Noticed Psyche
  6534 | D:10     | Killed Psyche
  6543 | D:10     | Noticed Maurice
  6551 | D:10     | Killed Maurice
  6558 | D:10     | Reached skill level 14 in Axes
  6566 | D:10     | Noticed a deep elf pyromancer
  6571 | D:10     | Reached XP level 11. HP: 80/95 MP: 11/11
  6765 | D:10     | Identified the orb of Haez {guile, Rampage rCorr Int+2
                  | Dex-3}
  6906 | D:10     | Found a staircase to the Orcish Mines.
  6915 | D:10     | Noticed a deep elf pyromancer
  6916 | D:10     | Noticed a white ugly thing
  6929 | D:10     | Reached skill level 15 in Axes
  6944 | D:10     | Reached skill level 1 in Stealth
  6971 | D:10     | Killed a white ugly thing
  6977 | D:10     | Killed a deep elf pyromancer
  7305 | D:10     | Found a glowing golden altar of the Shining One.
  7662 | Orc:1    | Entered Level 1 of the Orcish Mines
  7878 | Orc:1    | Reached skill level 16 in Axes
  7936 | Orc:1    | Noticed Nergalle
  7944 | Orc:1    | Noticed an orc knight
  7946 | Orc:1    | Killed Nergalle
  7967 | Orc:1    | Killed an orc knight
  7968 | Orc:1    | Reached skill level 10 in Fighting
  8171 | Orc:1    | Found Isiet's Antique Armour Boutique.
  8284 | Orc:1    | Found Xino Ber's Antique Armour Boutique.
  8421 | Orc:1    | Noticed an orc sorcerer
  8426 | Orc:1    | Killed an orc sorcerer
  8765 | Orc:2    | Entered Level 2 of the Orcish Mines
  8765 | Orc:2    | Found a staircase to the Elven Halls.
  9020 | Orc:2    | Reached XP level 12. HP: 106/106 MP: 12/12
  9145 | Orc:2    | Reached skill level 17 in Axes
  9152 | Orc:2    | Noticed an orc high priest
  9162 | Orc:2    | Noticed a soul eater
  9163 | Orc:2    | Slain by an orc knight

Illustrated notes

Levels and vault maps discovered:
D:1:      nzn_arrival_settlement, layout_loops_ring, serial_shops, shop,
          hellmonk_ecumenical_altar_arch_garden, minmay_tetromino_t4
D:2:      layout_basic
D:3:      layout_loops_corners, old_standard_altar, jmf_multi_god_temple2,
          st_stairs_9
D:4:      layout_basic, serial_shops, nicolae_square_shop, enter_ossuary_5,
          skrybe_limestone_x, uniq_pikel
D:5:      layout_cave_pods, temple_fountains, portal_sewer_entry_d,
          serial_glass, glass_columns_c, glass_columns_b, minmay_ruined_shrine,
          uniq_eustachio, uniq_blork_the_orc
D:6:      layout_basic, uniq_sigmund, uniq_menkaure, uniq_edmund
D:7:      layout_basic
D:8:      layout_layer_cave, nicolae_ru_sacrificial_ziggurat,
          nicolae_grassy_gnolls
D:9:      layout_rooms, elyvilon_altar_3, dpeg_oklobed_lair,
          hangedman_decor_diamond_cutter
D:10:     layout_rooms, tso_metal_star, orc_0_dummy, serial_rivers,
          chequers_serial_rivers_micro_c, chequers_serial_rivers_micro_b,
          chequers_serial_rivers_micro_d, chequers_serial_rivers_micro_b,
          chequers_serial_rivers_micro_d, chequers_big_river,
          minmay_mirror_moons_of_madness, uniq_maurice, uniq_psyche
Orc:1:    layout_caves, serial_shops, nicolae_shop_dealshenge,
          nicolae_shop_behind_doors, nicolae_orc_lava_tube,
          nicolae_orc_stony_grotto, uniq_nergalle
Orc:2:    st_orc_pillars, layout_caves, nicolae_orc_crystal_geode

Skill      XL: |  1  2  3  4  5  6  7  8  9 10 11 12 |
---------------+-------------------------------------+-----
Fighting       | 4 5 6 7 8 10 | 10.4
Axes           | 3 4 6 8 10 12 14 16 17 | 17.0
Armour         | 4 5 6 7 8 9 |  9.6
Evocations     | 1 2 3 4 |  4.0
Shields        | 4 5 6 |  6.1
Dodging        | 1 2 |  2.5
Stealth        | 2 |  2.4

Action                     |  1- 3 |  4- 6 |  7- 9 | 10-12 || total
---------------------------+-------+-------+-------+-------++-------
  Melee: War axe           |    55 |    25 |       |       ||    80
         Broad axe         |       |    40 |   109 |   211 ||   360
 Invoke: Call Merchant     |       |       |     1 |       ||     1
  Evoke: Wand              |     2 |    16 |    15 |    10 ||    43
    Use: Potion            |     1 |     1 |     3 |     6 ||    11
         Scroll            |       |     6 |     5 |     5 ||    16
   Stab: Distracted        |       |       |       |     7 ||     7
 Armour: Scale mail        |    41 |    33 |    33 |    39 ||   146
  Dodge: Dodged            |    41 |    23 |    45 |    90 ||   199
  Block: Buckler           |    16 |    14 |    15 |    62 ||   107
